 Dungeon Crawl Stone Soup version 0.27-a0-1532-gca18f49f40 (webtiles) character file.

Game seed: 5355312080439974621

3007 Spaninq the Grappler (level 9, -17/92 HPs)
             Began as a Troll Chaos Knight on July 12, 2021.
             Was a Plaything of Xom.
             Demolished by an ogre (27 damage)
             ... on level 7 of the Dungeon.
             The game lasted 00:17:53 (4994 turns).

Spaninq the Grappler (Troll Chaos Knight)           Turns: 4994, Time: 00:17:54

Health: -17/92     AC:  8    Str: 24    XL:     9   Next: 54%
Magic:  8/8        EV:  9    Int:  8    God:    Xom [...*..]
Gold:   281        SH:  0    Dex:  8    Spells: 8/8 levels left

rFire    . . .     SeeInvis .     - Unarmed
rCold    . . .     Faith    .   (no shield)
rNeg     . . .     Spirit   .   a - +2 robe
rPois    .         Reflect  .   (helmet restricted)
rElec    +         Harm     .   (no cloak)
rCorr    .         Rampage  .   (gloves unavailable)
Will     .....     Rnd*Rage +   (boots unavailable)
Stlth    +.........             (no amulet)
HPRegen  1.25/turn              (no ring)
MPRegen  0.11/turn              (no ring)

@: brilliant, unable to read, on berserk cooldown, hasted and slowed
A: large, unfitting armour, claws 3, regeneration 1, shaggy fur 1, tough skin 1,
iridescent scales 1, berserk 2, clumsy 1, mutation resistance 1, screaming 1,
electricity resistance, inability to read while threatened
a: Renounce Religion


You were on level 7 of the Dungeon.
You worshipped Xom.
You were a favourite toy of Xom.
You visited 2 branches of the dungeon, and saw 8 of its levels.
You also visited: Sewer.

You collected 281 gold pieces.

Inventory:

Hand Weapons
 n - a +2 whip of chaos
Armour
 a - a +2 robe (worn)
Wands
 r - a wand of flame (21)
 u - a wand of iceblast (11)
 v - a wand of mindburst (15)
Scrolls
 d - 2 scrolls of amnesia
 f - a scroll of identify
 j - 4 scrolls of fog
 k - 2 scrolls of teleportation
 m - a scroll of fear
 o - a scroll of blinking
 q - a scroll of enchant armour
 t - a scroll of enchant weapon {unknown}
Potions
 b - 3 potions of curing
 c - 2 potions of lignification {unknown}
 e - a potion of haste
 g - 3 potions of mutation
 h - 2 potions of might {unknown}
 i - 2 potions of resistance
 l - a potion of magic {unknown}
 p - a potion of brilliance
 s - 2 potions of flight {unknown}
 w - 2 potions of ambrosia {unknown}


   Skills:
 + Level 6.9 Fighting
 - Level 1.9 Dodging
 * Level 11.2 Unarmed Combat


You had 8 spell levels left.
You didn't know any spells.
Your spell library contained the following spells:

 Spells                   Type           Power      Damage    Failure   Level
 Corona                   Hex            0%         N/A       41%         1
 Pain                     Necr           0%         1d4       41%         1
 Shock                    Conj/Air       0%         1d3       41%         1
 Ensorcelled Hibernation  Hex/Ice        0%         N/A       54%         2
 Poisonous Vapours        Pois/Air       0%         N/A       54%         2
 Call Canine Familiar     Summ           0%         N/A       78%         3
 Dazzling Flash           Conj/Hex       0%         N/A       78%         3
 Ignite Poison            Fire/Tmut/Pois 0%         N/A       78%         3
 Mephitic Cloud           Conj/Pois/Air  0%         N/A       78%         3
 Portal Projectile        Hex/Tloc       0%         N/A       78%         3
 Swiftness                Air            0%         N/A       78%         3
 Tukima's Dance           Hex            0%         N/A       78%         3
 Airstrike                Air            0%         N/A       99%         4
 Leda's Liquefaction      Hex/Erth       0%         N/A       99%         4
 Agony                    Necr           0%         N/A       100%        5
 Bolt of Magma            Conj/Fire/Erth 0%         4d4       100%        5
 Excruciating Wounds      Necr           0%         N/A       100%        5
 Freezing Cloud           Conj/Ice/Air   0%         6-21      100%        5
 Silence                  Hex/Air        0%         N/A       100%        5


Dungeon Overview and Level Annotations

Branches:
Dungeon (7/15)             Temple (1/1) D:7           Sewer (visited)

Altars:
Ashenzari
Cheibriados
Dithmenos
Elyvilon
Gozag
Hepliaklqana
Kikubaaqudgha
Makhleb
Nemelex Xobeh
Okawaru
Qazlal
Ru
Sif Muna
Trog
Vehumet
Wu Jian
Xom
Yredelemnul
Zin
The Shining One


Innate Abilities, Weirdness & Mutations

You are too large for most types of armour.
You have claws for hands.
Your natural rate of healing is unusually fast.
You are covered in fur. (AC +1)
You have tough skin. (AC +1)
You are partially covered in iridescent scales. (AC +2)
You often lose your temper in combat.
You are clumsy. (Dex -2)
You are somewhat resistant to further mutation.
You occasionally shout uncontrollably at your foes.
You are resistant to electric shocks. (rElec)
You sometimes lose the ability to read scrolls when taking damage.


Message History

Maggie hits you with a +0 war axe. The ogre hits you but does no damage.
A red film seems to cover your vision as you go berserk!
You feel yourself moving faster!
You feel mighty!
You mangle Maggie!!
Maggie is severely wounded.
The centaur zombie misses you.
The centaur zombie kicks you but does no damage.
Maggie gestures at you while chanting. The bolt of fire hits you!!
* * * LOW HITPOINT WARNING * * *
You barely miss Maggie.
Maggie is severely wounded.
The centaur zombie hits you but does no damage.
The centaur zombie kicks you but does no damage.
The ogre hits you with a +0 giant club!!
* * * LOW HITPOINT WARNING * * *
You are too berserk!
You mangle Maggie!!
You kill Maggie!
Your Unarmed Combat skill increases to level 11!
You feel a strong urge to attack something.
You feel your anger nearly subside.
You are no longer berserk.
You are exhausted.
You feel yourself slow down. The centaur zombie hits you.
* * * LOW HITPOINT WARNING * * *
The centaur zombie kicks you but does no damage.
It was a potion of brilliance.
You feel clever all of a sudden.
Xom thinks this is hilarious!
The centaur zombie hits you but does no damage.
The centaur zombie kicks you but does no damage.
The ogre closely misses you.
You scratch the ogre.
The ogre is lightly wounded.
The ogre hits you with a +0 giant club!!
* * * LOW HITPOINT WARNING * * *
You feel yourself speed up.
The ogre hits you with a +0 giant club!!
You die...
Xom howls with laughter!

.......)........#
...............[#
................#
..!.............#
................#
#########.#######
#.# #####.#
#..@OZ# #.#####
#.#### ##########
#....# #........#
####.# #...§≈≈..#
#>####..≈≈≈≈≈.#
#......≈≈§≈§≈≈#
#######[§≈>≈≈≈#
#≈≈≈≈§≈≈#


You could see an ogre and a centaur zombie.

Vanquished Creatures
  Joseph (D:7)
  Maggie (D:7)
  A kobold demonologist (D:6)
  A human (D:6)
  2 sky beasts (D:6)
  A necrophage (D:4)
  An ogre (D:4)
  3 bullfrogs
  A gnoll sergeant (D:6)
  4 scorpions
  A howler monkey (D:6)
  A bullfrog zombie (D:5)
  5 hounds
  A bullfrog skeleton (D:5)
  3 centaur skeletons
  A jelly (D:5)
  3 gnoll shamans
  2 orc wizards
  5 iguanas
  3 hound skeletons (D:5)
  Robin (D:2)
  17 gnolls
  6 river rats (Sewer)
  14 adders
  An ufetubus (D:4)
  An adder zombie (D:5)
  2 adder skeletons (D:4)
  2 worms
  2 dart slugs
  16 orcs
  10 ball pythons
  6 bats
  7 endoplasms
  6 giant cockroaches
  17 goblins
  7 hobgoblins
  A jackal (Sewer)
  9 kobolds
  3 quokkas
  10 frilled lizards
  24 rats
203 creatures vanquished.

Vanquished Creatures (others)
  2 goblins (D:2)
2 creatures vanquished.

Grand Total: 205 creatures vanquished

Notes
Turn   | Place    | Note
-------+----------+-------------------------------------------
     0 | D:1      | Spaninq the Troll Chaos Knight began the quest for the Orb.
     0 | D:1      | Reached XP level 1. HP: 22/22 MP: 0/0
    88 | D:1      | Found a faded altar of an unknown god.
   116 | D:1      | Reached XP level 2. HP: 29/29 MP: 1/1
   278 | D:1      | XOM: silly message
   336 | D:1      | XOM: fog
   384 | D:1      | XOM: 1-stop teleportation journey
   621 | D:2      | Noticed Robin
   632 | D:2      | Found a radiant altar of Vehumet.
   638 | D:2      | Reached XP level 3. HP: 29/36 MP: 2/2
   644 | D:2      | XOM: divine lightning
   662 | D:2      | Killed Robin
   663 | D:2      | Reached skill level 4 in Unarmed Combat
   801 | D:2      | Reached XP level 4. HP: 45/45 MP: 3/3
   859 | D:2      | XOM: give mutation
   859 | D:2      | Gained mutation: You are resistant to electric shocks.
                  | (rElec) [Xom's grace]
  1184 | D:3      | XOM is BORED!
  1184 | D:3      | XOM: stat loss: -3 Int (5/8)
  1457 | D:3      | XOM: give mutations
  1457 | D:3      | Gained mutation: You tend to lose your temper in combat.
                  | [Xom's mischief]
  1457 | D:3      | Gained mutation: You are somewhat resistant to further
                  | mutation. [Xom's mischief]
  1457 | D:3      | Gained mutation: You are clumsy. (Dex -2) [Xom's mischief]
  1457 | D:3      | Gained mutation: You are very clumsy. (Dex -4) [Xom's
                  | mischief]
  1547 | D:3      | Found an opulent altar of Gozag.
  1685 | D:3      | XOM: give mutation
  1685 | D:3      | Gained mutation: You are dopey. (Int -2) [Xom's mischief]
  1801 | D:4      | Reached skill level 5 in Unarmed Combat
  1801 | D:4      | Reached XP level 5. HP: 53/53 MP: 4/4
  1816 | D:4      | Noticed an ogre
  1827 | D:4      | XOM: butterfly on damage
  1828 | D:4      | Killed an ogre
  1871 | D:4      | Reached XP level 6. HP: 62/62 MP: 5/5
  1912 | D:4      | Reached skill level 6 in Unarmed Combat
  1975 | D:4      | Found a sacrificial altar of Ru.
  2008 | D:4      | XOM: god gift: staff of poison
  2137 | D:4      | XOM: swap monsters
  2148 | D:4      | Reached XP level 7. HP: 67/70 MP: 6/6
  2249 | D:4      | Found a sparkling altar of Nemelex Xobeh.
  2253 | D:4      | XOM: give mutation
  2253 | D:4      | Lost mutation: You are dopey. (Int -2) [Xom's mischief]
  2338 | D:4      | Reached skill level 7 in Unarmed Combat
  2393 | D:4      | XOM: give mutations
  2393 | D:4      | Lost mutation: You are somewhat resistant to further
                  | mutation. [Xom's mischief]
  2393 | D:4      | Gained mutation: You often lose your temper in combat.
                  | [Xom's mischief]
  2393 | D:4      | Gained mutation: You sometimes lose the ability to read
                  | scrolls when taking damage. [Xom's mischief]
  2502 | D:5      | Entered Level 5 of the Dungeon
  2555 | D:5      | Found a glowing drain.
  2623 | Sewer    | Entered a sewer
  2746 | Sewer    | XOM: 6-stop teleportation journey
  2862 | Sewer    | XOM: polymorph endoplasm -> jackal
  2907 | Sewer    | Reached skill level 8 in Unarmed Combat
  3087 | D:5      | Reached skill level 5 in Fighting
  3192 | D:5      | Reached XP level 8. HP: 55/80 MP: 7/7
  3209 | D:5      | XOM: noise
  3258 | D:5      | XOM is BORED!
  3258 | D:5      | XOM: give mutations
  3258 | D:5      | Lost mutation: You are very clumsy. (Dex -4) [Xom's
                  | mischief]
  3258 | D:5      | Gained mutation: You occasionally shout uncontrollably at
                  | your foes. [Xom's mischief]
  3258 | D:5      | Gained mutation: You are partially covered in iridescent
                  | scales. (AC +2) [Xom's mischief]
  3258 | D:5      | Gained mutation: You are somewhat resistant to further
                  | mutation. [Xom's mischief]
  3682 | D:5      | XOM: chaos upgrade
  3742 | D:5      | Reached skill level 9 in Unarmed Combat
  3900 | D:5      | XOM: god gift: fuming yellow potion {god gift}
  4013 | D:6      | Found a broken altar of Ashenzari.
  4013 | D:6      | Found an ornate altar of the Wu Jian Council.
  4114 | D:6      | Noticed a kobold demonologist
  4114 | D:6      | XOM: confuse monster(s)
  4115 | D:6      | Noticed a kobold demonologist
  4116 | D:6      | a kobold demonologist changed into a human
  4116 | D:6      | XOM: polymorph kobold demonologist -> human
  4124 | D:6      | XOM: confusion (+ monsters)
  4127 | D:6      | XOM: confuse monster(s)
  4134 | D:6      | Killed a kobold demonologist
  4135 | D:6      | Reached skill level 10 in Unarmed Combat
  4138 | D:6      | XOM: confusion
  4148 | D:6      | Reached XP level 9. HP: 66/89 MP: 8/8
  4482 | D:6      | XOM: smoke on damage
  4797 | D:7      | Found a staircase to the Ecumenical Temple.
  4801 | D:7      | Noticed Joseph
  4812 | D:7      | Killed Joseph
  4821 | Temple   | Entered the Ecumenical Temple
  4972 | D:7      | Noticed Maggie
  4983 | D:7      | Killed Maggie
  4984 | D:7      | Reached skill level 11 in Unarmed Combat
  4994 | D:7      | Demolished by an ogre

Illustrated notes

Levels and vault maps discovered:
D:1:      psy_arrival_dodecagon, layout_loops_ring,
          dreamdust_ecumenical_altar_hidden_monk_grotto
D:2:      layout_rooms, basic_altar, uniq_robin
D:3:      layout_loops_ring, grunt_gozag_statues
D:4:      cheibrodos_helix_gallery, layout_rooms, lemuel_coloured_pillars_altar,
          nemelex_diamond_rough_becter, minmay_misc_feat_secret_circle
D:5:      layout_loops_corners, gup_sewer_entry_glass, grunt_ministairs_8
D:6:      layout_gridville, mainiacjoe_overflow_divided_tiny, minivault_26
D:7:      layout_basic, mainiacjoe_overflow_small_starburst,
          minmay_temple_entry_mist, chequers_serial_rivers_large_b, uniq_maggie,
          uniq_joseph
Temple:   nicolae_temple_great_sept

Skill      XL: |  1  2  3  4  5  6  7  8  9 |
---------------+----------------------------+-----
Unarmed Combat | 4 5 6 8 10 11 | 11.2
Fighting       | 3 4 5 6 |  6.9
Dodging        | |  1.9

Action                   |  1- 3 |  4- 6 |  7- 9 || total
-------------------------+-------+-------+-------++-------
Melee: Unarmed           |    86 |   132 |   335 ||   553
       Punch             |     3 |     1 |     2 ||     6
  Use: Scroll            |       |     8 |     4 ||    12
       Potion            |       |       |     2 ||     2
 Stab: Distracted        |       |     1 |       ||     1
       Sleeping          |       |       |     1 ||     1
       Confused          |       |       |     2 ||     2
Armor: Robe              |    43 |    60 |   143 ||   246
Dodge: Dodged            |    39 |    66 |   141 ||   246

Table legend: (Time is in decaauts)
 A = Elapsed time spent in this place.
 B = Non-inter-level travel time spent in this place.
 C = Inter-level travel time spent in this place.
 D = Time resting spent in this place.
 E = Time spent auto-exploring this place.
 F = Levels seen in this place.
 G = Mean time per level.
                   A        B        C        D        E       F      G
               +--------+--------+--------+--------+--------+-----+--------+
         Total |   5134 |   4905 |    229 |     48 |   3286 |   9 |  570.4 |
       Dungeon |   4530 |   4311 |    219 |     33 |   3108 |   7 |  647.1 |
        Temple |    116 |    106 |     10 |      0 |    105 |   1 |  116.0 |
         Sewer |    486 |    486 |      0 |     15 |     73 |   1 |  486.0 |
               +--------+--------+--------+--------+--------+-----+--------+

Top non-repeatable levels by time:
     D:5: 1093 daAuts
     D:6: 843 daAuts
     D:4: 734 daAuts
     D:3: 656 daAuts
     D:1: 600 daAuts
     D:2: 502 daAuts
   Sewer: 486 daAuts
  Temple: 116 daAuts
     D:7: 99 daAuts
